 Dungeon Crawl Stone Soup version 0.21.1-1-g345015fe64 (console) character file.

23212 JoyOfArete the Severer (level 13, -2/118 HPs)
             Began as a Hill Orc Monk on June 11, 2018.
             Was a High Priest of Beogh.
             Slain by a six-headed hydra (10 damage)
             ... on level 6 of the Lair of Beasts.
             The game lasted 01:05:58 (18488 turns).

JoyOfArete the Severer (Hill Orc Monk)             Turns: 18488, Time: 01:05:58

Health: -2/118     AC: 18    Str: 17    XL:     13   Next: 5%
Magic:  21/21      EV: 11    Int: 10    God:    Beogh [*****.]
Gold:   755        SH:  0    Dex: 15    Spells: 12/12 levels left

rFire    + . .     SeeInvis .   i - +5 battleaxe (curse)
rCold    + . .     Gourm    .   (shield currently unavailable)
rNeg     . . .     Faith    .   j - +2 scale mail {rC+}
rPois    .         Spirit   .   m - +2 helmet
rElec    .         Reflect  .   o - +1 cloak
rCorr    .         Harm     .   g - +0 pair of gloves
MR       .....                  (no boots)
Stlth    ..........             (no amulet)
HPRegen  0.29/turn              F - ring of protection from fire
MPRegen  0.17/turn              Y - +2 ring of slaying

@: glowing, studying Necromancy
A: walk on water
a: Smiting, Recall Orcish Followers, Give Item to Named Follower, Renounce
Religion


You were on level 6 of the Lair of Beasts.
You worshipped Beogh.
Beogh was extremely pleased with you.
You were not hungry.

You visited 2 branches of the dungeon, and saw 15 of its levels.

You collected 755 gold pieces.


   Skills:
 + Level 12.2 Fighting
 * Level 16.8 Axes
 + Level 10.9 Armour
 - Level 2.4 Dodging
 - Level 1.5 Stealth
 + Level 11.6 Invocations


You had 12 spell levels left.
You didn't know any spells.

Inventory:

Hand Weapons
 i - a cursed +5 battleaxe (weapon)
 B - a +0 war axe
 G - a +0 halberd
Missiles
 e - 5 javelins
 f - 318 stones
 n - 17 tomahawks (quivered)
 H - 3 throwing nets {=f}
Armour
 g - a +0 pair of gloves (worn)
 j - a +2 scale mail of cold resistance (worn)
 m - a +2 helmet (worn)
 o - a +1 cloak (worn)
 A - a +0 plate armour
Jewellery
 F - a ring of protection from fire (left hand)
 Y - a +2 ring of slaying (right hand)
Wands
 p - a wand of iceblast (2)
 y - a wand of paralysis (4)
 z - a wand of random effects (28)
 E - a wand of flame (13)
 M - a wand of acid (7)
Scrolls
 b - 2 scrolls of immolation {!r}
 d - 3 scrolls of fog
 h - 5 scrolls of identify {@r1}
 s - a scroll of magic mapping
 t - a scroll of noise {!r}
 v - 8 scrolls of remove curse {@r2}
 x - a scroll of holy word
 C - a scroll of vulnerability {!r}
 I - 2 scrolls of teleportation {@r4}
 J - a scroll of enchant armour
 N - a scroll of amnesia
Potions
 k - 2 potions of flight
 l - 6 potions of curing {@q1}
 q - 3 potions of brilliance
 r - 3 potions of resistance
 u - 4 potions of ambrosia
 w - a potion of haste {@q3}
 D - a potion of cancellation
 L - a potion of magic
 O - a potion of berserk rage {!q}
Books
 K - a manual of Necromancy {!d}
Comestibles
 a - 5 chunks of flesh
 c - 24 rations {@e1}

Dungeon Overview and Level Annotations

Branches:
Dungeon (9/15)             Temple (0/1) D:5            Lair (6/6) D:9
  Swamp (0/4) Lair:4        Snake (0/4) Lair:3
  Slime: Lair:5-6       Orc: D:9-12

Altars:
Dithmenos
Kikubaaqudgha
Makhleb
Qazlal
Ru
Zin

Shops:
D:4 :

Annotations:
D:2 exclusion: 2 downstairs
D:3 Grinder
D:6 1 runed door, Yuff
D:7 exclusion: downstairs
D:8 Naow's ghost, novice FoFi
Lair:6 GreedyOne's ghost, journeyman KoEn

.. #..h ..##
...Y #.... ....
..... .l. .
...... ..#Y..
.....)# #.#...#
....P..#Y.....P
#P....@D......
#.....W....#..
#.....^....#...
....."#...... .
##.#...........
# ##..........
. ..<......
.P..##..#.#


You could see a six-headed hydra, a komodo dragon, a wolf (wandering), 3 dream
sheep and GreedyOne's ghost.


Message History

* * * LOW HITPOINT WARNING * * *
The six-headed hydra bites you but does no damage.
The six-headed hydra completely misses you.
The six-headed hydra bites you.
* * * LOW HITPOINT WARNING * * *
The six-headed hydra barely misses you. x2; The six-headed hydra bites you.
* * * LOW HITPOINT WARNING * * *
The dream sheep closely misses you. GreedyOne's ghost hits you.
* * * LOW HITPOINT WARNING * * *
You are electrocuted!
* * * LOW HITPOINT WARNING * * *
You feel better. The six-headed hydra barely misses you.
The six-headed hydra bites you but does no damage.
The six-headed hydra bites you.
* * * LOW HITPOINT WARNING * * *
The six-headed hydra bites you but does no damage.
The six-headed hydra barely misses you. The six-headed hydra bites you!
* * * LOW HITPOINT WARNING * * *
The dream sheep bites you.
* * * LOW HITPOINT WARNING * * *
GreedyOne's ghost closely misses you.
A dream sheep comes into view.
The dream sheep bleats!
You hear a howl!
The six-headed hydra bites you!
* * * LOW HITPOINT WARNING * * *
The six-headed hydra bites you but does no damage.
The six-headed hydra bites you!
* * * LOW HITPOINT WARNING * * *
The six-headed hydra barely misses you. The six-headed hydra bites you!
You die...

Skill      XL: |  1  2  3  4  5  6  7  8  9 10 11 12 |
---------------+-------------------------------------+-----
Armour         | 1 2 3 4 5 6 7 8 9 10 | 10.9
Fighting       | 4 5 6 7 8 9 11 12 | 12.2
Axes           | 5 6 7 9 11 13 15 16 | 16.8
Invocations    | 2 4 6 8 10 11 | 11.6
Dodging        | |  2.4
Stealth        | |  1.5

Action                   |  1- 3 |  4- 6 |  7- 9 | 10-12 | 13-15 || total
-------------------------+-------+-------+-------+-------+-------++-------
Melee: Hand axe          |   159 |   272 |   795 |       |       ||  1226
       Battleaxe         |       |       |     3 |   405 |     7 ||   415
Throw: Stone             |       |    45 |     2 |       |       ||    47
       Tomahawk          |       |       |    30 |     2 |       ||    32
Invok: Convert to Beogh  |       |     1 |       |       |       ||     1
       Smiting           |       |       |     1 |     8 |     2 ||    11
       Recall Orcish Fol |       |       |       |     9 |     1 ||    10
Evoke: Wand              |       |     1 |     2 |    19 |     3 ||    25
  Use: Potion            |     2 |       |     1 |     2 |     1 ||     6
       Scroll            |     1 |     5 |     7 |    10 |       ||    23
 Stab: Sleeping          |     1 |       |       |       |       ||     1
       Invisible         |       |       |    13 |     1 |       ||    14
       Paralysed         |       |       |       |     4 |     1 ||     5
       Distracted        |       |       |       |     4 |       ||     4
  Eat: Chunk             |     2 |     8 |    19 |    23 |     1 ||    53
       Ration            |       |       |     2 |     1 |       ||     3
Armor: Robe              |    26 |       |       |       |       ||    26
       Leather armour    |    12 |    36 |       |       |       ||    48
       Scale mail        |       |    85 |   269 |   203 |    17 ||   574
Dodge: Dodged            |    76 |   153 |   297 |   230 |    20 ||   776

Vault maps used:
D:1:      lightli_arrival_boilingwater, roderic_lattice_a
D:2:      nicolae_ru_the_path_less_chosen, nicolae_overflow_hidden_temple,
          first_ration
D:3:      uniq_grinder
D:4:      chequers_temple_overflow_statue_of_worship, serial_shops,
          nicolae_shop_behind_doors, gup_sewer_entry_spiral
D:5:      lemuel_ratsnest, temple_statues
D:6:      grunt_dithmenos_shadows, hangedman_decor_growths,
          uniq_crazy_yiuf_cottage
D:7:      enter_bailey_7
D:8:      uniq_maurice
D:9:      old_standard_altar, erik_lair_orcish_takeover, blue_anna_alchemist,
          uniq_psyche
Lair:1:   uniq_harold
Lair:3:   guppyfry_snake_entry_island
Lair:4:   swamp_mist, grunt_megastairs_3
Lair:5:   serial_bayou_shore_a
Lair:6:   due_jungle_book, dpeg_slime_entry_corner, grunt_megastairs_4,
          lemuel_fruit_fields

Notes
Turn   | Place    | Note
-------+----------+-------------------------------------------
     0 | D:1      | JoyOfArete the Hill Orc Monk began the quest for the Orb.
     0 | D:1      | Reached XP level 1. HP: 19/19 MP: 1/1
   268 | D:1      | Reached XP level 2. HP: 27/27 MP: 2/2
   275 | D:1      | Reached skill level 1 in Armour
   413 | D:1      | Reached skill level 4 in Fighting
   825 | D:2      | Reached XP level 3. HP: 33/33 MP: 3/3
  1081 | D:2      | Found a sacrificial altar of Ru.
  1330 | D:2      | HP: 3/33 [iguana (10)]
  1333 | D:2      | Reached skill level 5 in Axes
  1333 | D:2      | Reached skill level 2 in Armour
  1333 | D:2      | Reached XP level 4. HP: 18/41 MP: 4/4
  1815 | D:2      | Found an ancient bone altar of Kikubaaqudgha.
  1992 | D:3      | Reached XP level 5. HP: 30/47 MP: 5/5
  2456 | D:3      | Noticed Grinder
  2798 | D:4      | Became a worshipper of Beogh the Brigand
  2798 | D:4      | Reached * piety under Beogh
  2798 | D:4      | Reached ** piety under Beogh
  2863 | D:4      | Reached skill level 5 in Fighting
  2863 | D:4      | Reached skill level 3 in Armour
  3135 | D:4      | Found Pemuegh's Book Emporium.
  3195 | D:4      | Reached skill level 6 in Axes
  3195 | D:4      | Reached XP level 6. HP: 54/56 MP: 6/6
  3239 | D:4      | Noticed a phantom
  3323 | D:4      | Killed a phantom
  3574 | D:4      | Reached skill level 4 in Armour
  3834 | D:4      | Reached skill level 6 in Fighting
  3834 | D:4      | Reached XP level 7. HP: 53/63 MP: 7/7
  4232 | D:4      | Found a stormy altar of Qazlal.
  4232 | D:4      | Found a glowing silver altar of Zin.
  4288 | D:5      | Entered Level 5 of the Dungeon
  4322 | D:5      | Reached skill level 7 in Axes
  4322 | D:5      | Reached skill level 1 in Invocations
  4865 | D:5      | Reached skill level 2 in Invocations
  4904 | D:5      | Reached skill level 5 in Armour
  4904 | D:5      | Reached XP level 8. HP: 53/71 MP: 9/9
  5029 | D:5      | Reached *** piety under Beogh
  5087 | D:5      | Reached skill level 8 in Axes
  5635 | D:5      | Found a staircase to the Ecumenical Temple.
  5949 | D:5      | Reached skill level 3 in Invocations
  6099 | D:5      | Reached skill level 7 in Fighting
  6351 | D:6      | Reached skill level 9 in Axes
  6561 | D:6      | Found a shadowy altar of Dithmenos.
  6613 | D:6      | Reached skill level 4 in Invocations
  6947 | D:6      | Found a runed door.
  7199 | D:7      | Reached skill level 6 in Armour
  7199 | D:7      | Reached XP level 9. HP: 65/79 MP: 12/12
  7361 | D:7      | Reached **** piety under Beogh
  7377 | D:7      | Reached skill level 10 in Axes
  7439 | D:7      | Reached skill level 5 in Invocations
  7678 | D:7      | Found a flagged portal.
  7712 | D:7      | Reached skill level 8 in Fighting
  9038 | D:8      | Reached skill level 11 in Axes
  9038 | D:8      | Reached skill level 6 in Invocations
  9570 | D:8      | Noticed Naow's ghost (novice FoFi)
  9590 | D:7      | Reached skill level 7 in Armour
 10243 | D:8      | Reached XP level 10. HP: 52/90 MP: 14/14
 10437 | D:8      | Gained Bogward as an ally
 10441 | D:8      | Noticed a two-headed ogre
 10501 | D:8      | Your ally Bogward died
 10502 | D:8      | Killed a two-headed ogre
 10502 | D:8      | Reached skill level 9 in Fighting
 10502 | D:8      | Reached skill level 12 in Axes
 10502 | D:8      | Reached skill level 7 in Invocations
 10566 | D:8      | Noticed Maurice
 10584 | D:8      | HP: 4/91 [wyvern (11)]
 10907 | D:8      | Noticed a two-headed ogre
 10913 | D:8      | Killed a two-headed ogre
 10947 | D:8      | Paralysed by something for 6 turns
 10984 | D:8      | Killed Maurice
 10996 | D:8      | Reached skill level 8 in Armour
 11155 | D:9      | Noticed Psyche
 11162 | D:9      | Killed Psyche
 11190 | D:9      | Reached skill level 8 in Invocations
 11239 | D:9      | Reached skill level 13 in Axes
 11263 | D:9      | Found a staircase to the Lair.
 11896 | D:9      | Found a burning altar of Makhleb.
 12094 | Lair:1   | Entered Level 1 of the Lair of Beasts
 12100 | Lair:1   | Reached XP level 11. HP: 96/99 MP: 17/17
 12101 | Lair:1   | Reached skill level 10 in Fighting
 12662 | Lair:1   | Reached skill level 9 in Invocations
 12738 | Lair:1   | Noticed Harold
 12747 | Lair:1   | Gained Bogward as an ally
 12753 | Lair:1   | Reached skill level 14 in Axes
 12755 | Lair:1   | Killed Harold
 12755 | Lair:1   | Reached skill level 9 in Armour
 13808 | Lair:2   | Reached ***** piety under Beogh
 14196 | Lair:3   | Reached skill level 11 in Fighting
 14196 | Lair:3   | Reached skill level 10 in Invocations
 14427 | Lair:3   | Reached skill level 15 in Axes
 14522 | Lair:3   | Reached XP level 12. HP: 73/110 MP: 19/19
 14687 | Lair:3   | Found a staircase to the Snake Pit.
 15313 | Lair:4   | Reached skill level 10 in Armour
 15325 | Lair:4   | Found a staircase to the Swamp.
 15349 | Lair:4   | Noticed a seven-headed hydra
 15354 | Lair:4   | Killed a seven-headed hydra
 16317 | Lair:5   | Noticed a catoblepas
 16323 | Lair:5   | Reached skill level 16 in Axes
 16329 | Lair:5   | Killed a catoblepas
 16329 | Lair:5   | Reached skill level 11 in Invocations
 16967 | Lair:5   | Noticed a seven-headed hydra
 16973 | Lair:5   | Killed a seven-headed hydra
 16983 | Lair:5   | Reached skill level 12 in Fighting
 17231 | Lair:5   | Noticed a seven-headed hydra
 17240 | Lair:5   | Killed a seven-headed hydra
 17996 | Lair:6   | Entered Level 6 of the Lair of Beasts
 17996 | Lair:6   | Noticed a five-headed hydra
 17996 | Lair:6   | Noticed GreedyOne's ghost (journeyman KoEn)
 18018 | Lair:5   | Killed a five-headed hydra
 18018 | Lair:5   | Reached XP level 13. HP: 47/118 MP: 14/21
 18041 | Lair:5   | HP: 8/118 [komodo dragon (15)]
 18054 | Lair:5   | HP: 7/118 [porcupine's spines (5)]
 18488 | Lair:6   | HP: 8/118 [six-headed hydra (8)]
 18488 | Lair:6   | Slain by a six-headed hydra

Vanquished Creatures
  3 hydras
  2 two-headed ogres (D:8)
  A black mamba (Lair:4)
  Maurice (D:8)
  A torpor snail (Lair:4)
  Psyche (D:9)
  4 spiny frogs
  2 komodo dragons
  2 rime drakes
  A polar bear (Lair:3)
  2 blink frogs (Lair:4)
  5 hippogriffs
  2 wyverns
  19 yaks
  A hungry ghost (D:7)
  2 wargs (D:9)
  A naga (Lair:3)
  7 porcupines
  3 water moccasins
  3 orc warriors
  A sky beast (D:5)
  3 phantoms
  A black bear (D:7)
  2 ice beasts
  6 ogres
  4 centaurs
  6 wolves
  7 crocodiles
  2 big kobolds
  A gnoll sergeant (D:9)
  8 bullfrogs
  8 wights
  2 howler monkeys (D:7)
  3 crimson imps
  2 bullfrog zombies
  5 hounds
  A centaur zombie (D:7)
  2 jellies
  An orc priest (D:9)
  A bullfrog skeleton (D:6)
  2 centaur skeletons (D:8)
  5 orc wizards
  4 iguanas
  7 worker ants
  A hound skeleton (D:4)
  9 gnolls
  9 adders
  9 river rats (D:5)
  A shadow imp (D:6)
  3 adder skeletons
  An adder zombie (D:7)
  A worm (D:6)
  A dart slug (D:1)
  9 leopard geckos
  15 orcs
  6 giant cockroaches
  8 goblins
  8 hobgoblins
  4 jackals (D:8)
  8 quokkas
  8 bats
  8 frilled lizards
  A jackal skeleton (D:6)
  12 kobolds
  2 leopard gecko skeletons (D:5)
  A quokka skeleton (D:5)
  21 rats
  2 fungi (Lair:3)
  A plant (D:2)
296 creatures vanquished.

Vanquished Creatures (collateral kills)
  Harold (Lair:1)
  A hydra (Lair:5)
  A catoblepas (Lair:5)
  2 spiny frogs
  2 rime drakes
  4 komodo dragons
  2 polar bears (Lair:5)
  2 blink frogs (Lair:4)
  4 hippogriffs
  10 yaks
  A basilisk (Lair:1)
  A wyvern (Lair:1)
  2 water moccasins
  2 porcupines
  2 crocodiles
  6 bullfrogs
  2 wights (D:7)
  An orc wizard (D:9)
  An iguana (D:9)
  A gnoll (D:9)
  A howler monkey skeleton (D:9)
  An orc (D:8)
  A bush (Lair:3)
  A fungus (Lair:3)
  A plant (Lair:5)
53 creatures vanquished.

Vanquished Creatures (others)
  An orc wizard (Lair:2)
  An orc warrior (D:7)
  A hound (D:4)
  2 orc priests
  2 adders (D:4)
  An adder skeleton (D:4)
  6 orcs
  A ball python (D:4)
  4 fungi
  A plant (Lair:5)
20 creatures vanquished.

Grand Total: 369 creatures vanquished

Table legend:
 A = Turns spent in this place as a percentage of turns spent in the entire game.
 B = Non-inter-level travel turns spent in this place as a percentage of non-inter-level travel turns spent in the entire game.
 C = Inter-level travel turns spent in this place as a percentage of turns spent in this place.
 D = Turns resting spent in this place as a percentage of non-inter-level travel turns spent in this place.
 E = Turns spent auto-exploring this place as a percentage of non-inter-level travel turns spent in this place.
 F = Non-inter-level travel turns spent in this place divided by the number of levels of this place that you've seen.
                   A       B       C       D       E      F
               +-------+-------+-------+-------+-------+----------------------
         Total | 100.0 | 100.0 |   3.7 |  36.5 |  40.8 | 1186.9
       Dungeon |  66.8 |  66.3 |   4.4 |  35.9 |  37.4 | 1311.4
          Lair |  33.2 |  33.7 |   2.3 |  37.6 |  47.5 | 1000.2
               +-------+-------+-------+-------+-------+----------------------

Table legend:
 A = Spawn XP
 B = Non-spawn XP
 C = Spawn XP percentage of total XP
 D = Spawn monster count
 E = Non-spawn monster count
 F = Spawn count percentage of total count
 G = Total turns spent on level
                    A         B        C        D         E        F      G
               +---------+---------+-------+---------+---------+-------+---------
         Total |       0 |   33161 |   0.0 |       0 |     344 |   0.0 | 18488
               +---------+---------+-------+---------+---------+-------+---------
           D:1 |       0 |      38 |   0.0 |       0 |      22 |   0.0 |   999
           D:2 |       0 |      74 |   0.0 |       0 |      17 |   0.0 |  1105
           D:3 |       0 |      86 |   0.0 |       0 |      12 |   0.0 |   684
           D:4 |       0 |     507 |   0.0 |       0 |      23 |   0.0 |  1500
           D:5 |       0 |    1053 |   0.0 |       0 |      55 |   0.0 |  2006
           D:6 |       0 |     397 |   0.0 |       0 |      10 |   0.0 |   803
           D:7 |       0 |    1844 |   0.0 |       0 |      32 |   0.0 |  2905
           D:8 |       0 |    3372 |   0.0 |       0 |      35 |   0.0 |  1125
           D:9 |       0 |    1947 |   0.0 |       0 |      28 |   0.0 |  1217
        Lair:1 |       0 |    4546 |   0.0 |       0 |      23 |   0.0 |   988
        Lair:2 |       0 |    1140 |   0.0 |       0 |       8 |   0.0 |   651
        Lair:3 |       0 |    3928 |   0.0 |       0 |      23 |   0.0 |  1073
        Lair:4 |       0 |    6018 |   0.0 |       0 |      27 |   0.0 |  1253
        Lair:5 |       0 |    8211 |   0.0 |       0 |      29 |   0.0 |  2165
               +---------+---------+-------+---------+---------+-------+---------
